 Dungeon Crawl Stone Soup version 0.31.0-11-ge490571c62 (webtiles) character file.

Game seed: 12726561543402849930

962 qw the Skirmisher (level 7, -1/40 HPs)
             Began as a Deep Elf Hunter on Feb 4, 2024.
             Slain by an ice beast (7 damage)
             ... on level 6 of the Dungeon.
             The game lasted 00:00:14 (4722 turns).

qw the Skirmisher (Deep Elf Hunter)                 Turns: 4722, Time: 00:00:14

Health: -1/40      AC:  9    Str: 10    XL:     7   Next: 92%
Magic:  9/9        EV: 11    Int: 14    God:
Gold:   174        SH:  0    Dex: 18    Spells: 6/6 levels left

rFire   . . .        n - +3 hand cannon (freeze)
rCold   . . .        (no shield)
rNeg    + . .        b - +0 ring mail {rN+}
rPois   .            (helmet restricted)
rElec   .            (no cloak)
rCorr   .            j - +1 pair of gloves
SInv    .            (no boots)
Will    ++...        (no amulet)
Stlth   +            g - ring of willpower
HPRegen 0.26/turn    (no ring)
MPRegen 0.11/turn

%: no passive effects
@: no status effects
A: horns 2, iridescent scales 1, strong-willed 1
a: no special abilities


You were on level 6 of the Dungeon.
You visited 1 branch of the dungeon, and saw 6 of its levels.

You collected 310 gold pieces.
You spent 136 gold pieces at shops.


Innate Abilities, Weirdness & Mutations

You have a pair of horns on your head.
You are partially covered in iridescent scales. (AC +2)
You are strong-willed. (Will+)


   Skills:
 + Level 2.7 Fighting
 - Level 12.1 Ranged Weapons
 - Level 1.0 Armour
 - Level 3.0 Dodging
 - Level 1.2 Stealth


You had 6 spell levels left.
You didn't know any spells.
Your spell library was empty.

Inventory:

Hand Weapons
 n - a +3 hand cannon of freezing (weapon)
Armour
 b - a +0 ring mail of positive energy (worn)
 j - a +1 pair of gloves (worn)
Jewellery
 g - a ring of willpower (left hand)
Potions
 a - a potion of resistance {unknown}
 c - a potion of brilliance {unknown}
 d - a potion of haste {unknown}
 f - a potion of enlightenment
 h - a potion of curing {unknown}
 k - a potion of heal wounds
 l - a potion of might {unknown}
 m - a potion of mutation

Dungeon Overview and Level Annotations

Branches:
Dungeon (6/15)
 Temple: D:4-7

Altars:
Fedhas

Shops:
D:5 (   D:6 :

Annotations:
D:4 2 transporters, qw's ghost, amateur SpHu


Message History

There is an open door, spattered with blood here.
Things that are here:
a +5 dagger of pain; a +0 robe; the elf corpse of Dowan You open the door.
There is an open door here.
You open the door.
Found a blossoming altar of Fedhas.
A centaur comes into view.
There is an open door here.
You shoot a bolt. The bolt hits the centaur!
The bolt freezes the centaur.
You kill the centaur!
You open the door.
There is an open door here.
You open the door.
Found a book of Necromancy.
There is an open door here.
You see here a book of Necromancy.
Found a stone staircase leading up.
Found 3 boomerangs.
There is a stone staircase leading up here.
Found 3 stones.
An ice beast comes into view.
You shoot a bolt. The bolt closely misses the ice beast.
You shoot a bolt. The bolt hits the ice beast!
The ice beast is heavily wounded.
You shoot a bolt. The bolt closely misses the ice beast.
The ice beast hits you. The ice beast freezes you!
You shoot a bolt. The bolt barely misses the ice beast.
The ice beast barely misses you.
You shoot a bolt. The bolt hits the ice beast.
The ice beast is heavily wounded.
The ice beast hits you but does no damage.
The ice beast barely misses you.
You shoot a bolt. The bolt barely misses the ice beast.
The ice beast barely misses you.
You shoot a bolt. The bolt hits the ice beast!
The ice beast is almost dead.
The ice beast hits you. The ice beast freezes you! The ice beast hits you.
The ice beast freezes you!
You die...

####...\....##...
#....}...}.<.....
#...............
.....##..#.#####
#.##?###...#
#.##.#####.# ########..#
#..#?......###.......(.#
#..##...........#####.##
#..# .#.####.###@###
...##.#.# #.# #0Y......
##.##.#.# #.###.#######
#.##.#.#####...##
##.##...<.....(.#
##.####.######.##
:.......# .# ##.######
#.# ##.# .#


You could see an ice beast.

Vanquished Creatures
  Duvessa (D:6)
  A water moccasin (D:5)
  An ice beast (D:5)
  2 centaurs
  A scorpion (D:6)
  Dowan (D:6)
  2 bombardier beetles (D:3)
  A howler monkey (D:5)
  2 hounds (D:4)
  2 jellies
  2 iguanas
  3 adders
  3 gnolls (D:4)
  2 ribbon worms (D:2)
  2 dart slugs
  3 orcs
  5 ball pythons
  7 endoplasms
  6 giant cockroaches
  7 goblins
  3 hobgoblins
  8 kobolds
  3 quokkas
  6 bats
  5 frilled lizards
  4 rats
83 creatures vanquished.

Notes
Turn   | Place    | Note
-------+----------+-------------------------------------------
     0 | D:1      | qw the Deep Elf Hunter began the quest for the Orb.
     0 | D:1      | Reached XP level 1. HP: 12/12 MP: 3/3
     0 | D:1      | 0 ||| qw: Version: 0.3-a-160-g6735b56
     0 | D:1      | 0 ||| qw: Game counter: 4615
     0 | D:1      | 0 ||| qw: Melee chars always use a shield: true
     0 | D:1      | 0 ||| qw: God list: Okawaru
     0 | D:1      | 0 ||| qw: Allow faded altars: false
     0 | D:1      | 0 ||| qw: Do Orc after clearing Dungeon:15 true
     0 | D:1      | 0 ||| qw: Do second Lair branch before Depths: true
     0 | D:1      | 0 ||| qw: Lair rune preference: random
     0 | D:1      | 0 ||| qw: Goals: Normal
     0 | D:1      | 0 ||| PLANNING D:1-11
   117 | D:1      | Reached skill level 6 in Ranged Weapons
   117 | D:1      | Reached XP level 2. HP: 16/16 MP: 4/4
   528 | D:1      | 528 ||| UPGRADING to ring of willpower.
   529 | D:1      | 529 ||| READING scroll labelled VEDGHU BYAKK.
   529 | D:1      | 529 ||| ENCHANTING +0 shortbow.
   530 | D:1      | 530 ||| READING 3 scrolls labelled ASOBRA ISHIY.
   531 | D:1      | 531 ||| READING scroll labelled SOAFORPHITU.
   531 | D:1      | 531 ||| IDENTIFYING blue potion
   532 | D:1      | 532 ||| READING scroll labelled FETRIFFIATTO.
   533 | D:1      | 533 ||| DROPPING scroll of butterflies.
   534 | D:1      | 534 ||| DROPPING 2 scrolls of blinking.
   732 | D:2      | Reached XP level 3. HP: 12/20 MP: 5/5
   879 | D:2      | Reached skill level 7 in Ranged Weapons
  1263 | D:2      | Reached XP level 4. HP: 25/25 MP: 6/6
  1482 | D:2      | 1482 ||| READING scroll of identify.
  1482 | D:2      | 1482 ||| IDENTIFYING murky white potion
  1483 | D:2      | 1483 ||| READING scroll labelled GUEXYNI IDAOVI.
  1483 | D:2      | 1483 ||| BRANDING +1 shortbow.
  1484 | D:2      | 1484 ||| READING scroll labelled CIVAX ICIDGHUZA.
  1485 | D:2      | 1485 ||| READING scroll labelled YLOAWO HOZUSH.
  1488 | D:2      | 1488 ||| DROPPING potion of berserk rage.
  1892 | D:3      | Reached skill level 8 in Ranged Weapons
  1892 | D:3      | Reached XP level 5. HP: 29/29 MP: 7/7
  2227 | D:3      | Found a faded altar of an unknown god.
  2662 | D:3      | 2662 ||| UPGRADING to +0 helmet.
  2667 | D:3      | 2667 ||| UPGRADING to +0 pair of gloves.
  2672 | D:3      | 2672 ||| READING scroll labelled ROZUODYPHO.
  2672 | D:3      | 2672 ||| ENCHANTING +0 pair of gloves.
  2673 | D:3      | 2673 ||| READING scroll labelled EKYAHEMENI.
  2674 | D:3      | 2674 ||| READING 3 scrolls labelled CAAJ XEGIC.
  2775 | D:3      | 2775 ||| DROPPING 2 scrolls of silence.
  2813 | D:3      | 2813 ||| UPGRADING to +0 ring mail.
  2823 | D:3      | 2823 ||| DROPPING +0 leather armour.
  2858 | D:4      | Found a transporter.
  2858 | D:4      | Noticed qw's ghost (amateur SpHu)
  2892 | D:4      | Found a transporter.
  2995 | D:4      | Reached skill level 9 in Ranged Weapons
  3117 | D:4      | Reached skill level 1 in Armour
  3117 | D:4      | Reached XP level 6. HP: 35/35 MP: 8/8
  3532 | D:4      | 3532 ||| READING scroll labelled BOEL MEYSINT.
  3533 | D:4      | 3533 ||| DRINKING 3 clear potions.
  3542 | D:5      | Entered Level 5 of the Dungeon
  3604 | D:5      | Found Boheedd's Antique Weapon Shoppe.
  3604 | D:5      | Noticed a water moccasin
  3614 | D:5      | HP: 6/35 [poisoned by a water moccasin]
  3615 | D:5      | 3615 ||| READING scroll of teleportation.
  3616 | D:5      | 3616 ||| DRINKING 2 potions of heal wounds.
  3775 | D:5      | Reached skill level 10 in Ranged Weapons
  3830 | D:5      | Reached skill level 3 in Dodging
  3875 | D:5      | Noticed an ice beast
  3889 | D:5      | Killed an ice beast
  3890 | D:5      | Reached XP level 7. HP: 26/40 MP: 9/9
  3991 | D:5      | Reached skill level 11 in Ranged Weapons
  4188 | D:5      | 4188 ||| BUYING runed hand cannon (136 gold).
  4188 | D:5      | Bought a runed hand cannon for 136 gold pieces
  4188 | D:5      | 4188 ||| SWAPPING to +3 hand cannon of freezing.
  4189 | D:5      | 4189 ||| DROPPING +1 shortbow of freezing.
  4409 | D:5      | 4409 ||| UPGRADING to +0 ring mail of positive energy.
  4419 | D:5      | 4419 ||| DROPPING +0 ring mail.
  4420 | D:5      | 4420 ||| READING scroll labelled XIGYMN XOCICEY.
  4486 | D:5      | 4486 ||| DRINKING 2 fuming white potions.
  4486 | D:5      | Gained mutation: You have a pair of small horns on your
                  | head. [potion of mutation]
  4486 | D:5      | Gained mutation: You have a pair of horns on your head.
                  | [potion of mutation]
  4486 | D:5      | Gained mutation: You are partially covered in iridescent
                  | scales. (AC +2) [potion of mutation]
  4486 | D:5      | Gained mutation: You are strong-willed. (Will+) [potion of
                  | mutation]
  4487 | D:5      | 4487 ||| DROPPING +0 helmet.
  4585 | D:6      | Found Dimon's Vocational Training.
  4610 | D:6      | Noticed Duvessa
  4610 | D:6      | Noticed Dowan
  4613 | D:6      | Killed Duvessa
  4615 | D:6      | Killed Dowan
  4616 | D:6      | Reached skill level 12 in Ranged Weapons
  4677 | D:6      | Found a blossoming altar of Fedhas.
  4722 | D:6      | HP: 9/40 [ice beast (13)]
  4722 | D:6      | Slain by an ice beast

Levels and vault maps discovered:
D:1:      heliophobic_arrival_battle_scene, layout_basic
D:2:      layout_loops_corners, minmay_worlds_worst_comb
D:3:      layout_basic, shapermc_ecumenical_altar_totnotflames
D:4:      layout_loops_ring, gammafunk_ghost_stat_death, ldierk_geyser,
          kennysheep_nub, minmay_quantized
D:5:      layout_basic, serial_shops, shop
D:6:      layout_loops_ring, mainiacjoe_overflow_24_doors,
          mainiacjoe_overflow_concentric_impassable,
          nicolae_overflow_crystal_walls, zin_academy, nicolae_shop_vocational,
          uniq_duvessa

Skill      XL: |  1  2  3  4  5  6  7 |
---------------+----------------------+-----
Ranged Weapons | 6 7 8 9 10 12 | 12.1
Fighting       | 2 |  2.7
Armour         | 1 |  1.0
Dodging        | 3 |  3.0
Stealth        | |  1.2

Action                     |  1- 3 |  4- 6 |  7- 9 || total
---------------------------+-------+-------+-------++-------
   Fire: Shortbow          |   105 |   119 |    16 ||   240
         Hand cannon       |       |       |    17 ||    17
    Use: Scroll            |     4 |     9 |     1 ||    14
         Potion            |       |     2 |     1 ||     3
 Armour: Leather armour    |    19 |     1 |       ||    20
         Ring mail         |       |    25 |    13 ||    38
  Dodge: Dodged            |    23 |    28 |     8 ||    59

Table legend:
 A = Non-vault XP
 B = Vault XP
 C = Vault XP percentage of total XP
 D = Non-vault monster count
 E = Vault monster count
 F = Vault count percentage of total count
                 A         B        C        D         E       F
            +---------+---------+-------+---------+---------+-------
      Total |    1136 |     239 |  17.4 |      74 |       9 |  10.8
            +---------+---------+-------+---------+---------+-------
        D:1 |      32 |       0 |   0.0 |      19 |       0 |   0.0
        D:2 |      62 |       8 |  11.4 |      21 |       4 |  16.0
        D:3 |     147 |       0 |   0.0 |       8 |       0 |   0.0
        D:4 |     185 |      15 |   7.5 |      15 |       3 |  16.7
        D:5 |     518 |       0 |   0.0 |       8 |       0 |   0.0
        D:6 |     192 |     216 |  52.9 |       3 |       2 |  40.0
            +---------+---------+-------+---------+---------+-------
